 Dungeon Crawl Stone Soup version 0.30-a0-360-g447f08457e (webtiles) character file.

Game seed: 7467575100725874306

2 Asagix the Grasshopper (level 1, -1/16 HPs)
             Began as a Demonspawn Warper on Nov 13, 2022.
             Frozen to death by an endoplasm (4 damage)
             ... on level 1 of the Dungeon.
             The game lasted 00:00:43 (138 turns).

Asagix the Grasshopper (Demonspawn Warper)           Turns: 138, Time: 00:00:44

Health: -1/16      AC:  3    Str: 11    XL:     1   Next: 33%
Magic:  3/3        EV: 11    Int: 14    God:
Gold:   45         SH:  0    Dex: 12    Spells: 4/4 levels left

rFire   . . .      SeeInvis .    a - +0 falchion
rCold   . . .      Faith    .    (no shield)
rNeg    . . .      Spirit   .    b - +0 leather armour
rPois   .          Reflect  .    (no helmet)
rElec   .          Harm     .    (no cloak)
rCorr   .          Rampage  .    (no gloves)
Will    .....                    (no boots)
Stlth   +.........               (no amulet)
HPRegen 0.22/turn                (no ring)
MPRegen 0.08/turn                (no ring)

@: no status effects
A: no striking features
a: no special abilities


You were on level 1 of the Dungeon.
You visited 1 branch of the dungeon, and saw 1 of its levels.

You collected 45 gold pieces.

Inventory:

Hand Weapons
 a - a +0 falchion (weapon)
Missiles
 d - 7 boomerangs of dispersal (quivered)
Armour
 b - a +0 leather armour (worn)
Scrolls
 c - a scroll of blinking
 e - a scroll of identify {unknown}


   Skills:
 + Level 2.0 Fighting
 + Level 1.8 Long Blades
 + Level 0.8 Throwing
 + Level 0.8 Armour
 + Level 1.7 Dodging
 + Level 2.1 Spellcasting
 + Level 2.6 Translocations


You had 4 spell levels left.
You didn't know any spells.
Your spell library contained the following spells:

 Spells                   Type           Power      Damage    Failure   Level
 Blink                    Tloc           18%        N/A       16%         2
 Lesser Beckoning         Tloc           18%        N/A       30%         3
 Teleport Other           Tloc           9%         N/A       30%         3
 Vhi's Electric Charge    Tloc/Air       10%        N/A       47%         3
 Manifold Assault         Tloc           9%         N/A       71%         4


Dungeon Overview and Level Annotations

Branches:
Dungeon (1/15)

Altars:


Message History

The ball python is severely wounded.
The ball python bites you. The ball python constricts you.
You hit the ball python.
You kill the ball python!
Unknown command.
You see here a ball python corpse.
Found a scroll labelled ACWEWK INIFIS and 10 gold pieces.
Sorry, you're not good enough to have a special ability.
You start resting.
HP restored.
You don't know any spells.
You don't know any spells.
You're too inexperienced to learn that spell!
e - a scroll labelled ACWEWK INIFIS You see here a +0 spear.
A giant cockroach comes into view.
You hit the giant cockroach but do no damage.
The giant cockroach barely misses you. The giant cockroach bites you.
You hit the giant cockroach.
The giant cockroach is heavily wounded.
The giant cockroach bites you but does no damage.
You hit the giant cockroach.
You kill the giant cockroach!
You now have 45 gold pieces (gained 10).
A quokka comes into view.
Found a scroll labelled OZIYF ZUNEIRRO.
An endoplasm comes into view.
The endoplasm quivers.
You hit the quokka but do no damage. The quokka bites you. x2
You barely miss the quokka. The quokka barely misses you.
You closely miss the quokka. The quokka barely misses you. x2
You closely miss the quokka. The endoplasm misses you.
The quokka closely misses you. The endoplasm freezes you.
You are frozen.
You barely miss the quokka. The quokka bites you.
* * * LOW HITPOINT WARNING * * *
The endoplasm freezes you.
You are frozen.
You die...

####.####...######.......).......
#....#..## ##.................
##......... ...............##..
##..####..######..>......#### .
##..## ...# #.............# ##.##
..#.###.#...........# ##.##
#.##.##....##..#..##.# #.### #.
#.#....#...##..# .# .####
......r@.####..# .# ####....
#....#J.## #..#
####.#..###.....## #..# ####...#.
.....# #..# ###..#.. #..... #..#
#......# ..?.#. ...#... .####
#....#. #####.


You could see an endoplasm and a quokka.

Vanquished Creatures
  A giant cockroach (D:1)
  A ball python (D:1)
  A frilled lizard (D:1)
3 creatures vanquished.

Notes
Turn   | Place    | Note
-------+----------+-------------------------------------------
     0 | D:1      | Asagix the Demonspawn Warper began the quest for the Orb.
     0 | D:1      | Reached XP level 1. HP: 16/16 MP: 3/3
   138 | D:1      | Frozen to death by an endoplasm

Illustrated notes

Levels and vault maps discovered:
D:1:      spicycebolla_arrival_xxxplode, layout_rooms,
          chequers_ecumenical_altar_simple, kennysheep_small_spiral,
          minmay_liquid_box

Action                   || total
-------------------------++-------
Melee: Falchion          ||    15
Armor: Leather armour    ||     5
Dodge: Dodged            ||    11

Table legend: (Time is in decaauts)
 A = Elapsed time spent in this place.
 B = Non-inter-level travel time spent in this place.
 C = Inter-level travel time spent in this place.
 D = Time resting spent in this place.
 E = Time spent auto-exploring this place.
 F = Levels seen in this place.
 G = Mean time per level.
                   A        B        C        D        E       F      G
               +--------+--------+--------+--------+--------+-----+--------+
         Total |    142 |    142 |      0 |     30 |     67 |   1 |  142.0 |
       Dungeon |    142 |    142 |      0 |     30 |     67 |   1 |  142.0 |
               +--------+--------+--------+--------+--------+-----+--------+

Top non-repeatable levels by time:
     D:1: 142 daAuts
